AoeStats
← DAN13L

Arabia

510035059Analyzed
2v2 RM · 4d ago on Sep 29, 2026· 82m 4s· 4 players
Game mode
Random Map
Map size
Medium (4 player)
Population
200
Speed
Normal
Resources
Standard
Victory
Conquest
Starting age
Dark Age
Ending age
Imperial Age
RankedLock teamsTeams togetherTeam positionsShared explorationLock speedFull tech treeHidden civsTurbo modeCheats
Victory
Defeat
🇲🇽 Wei · Mexico
1056
+17
🇦🇷 Persians · Argentina
1056
+17
🇨🇴 Persians · Colombia
1105
-17
🇦🇷 Cumans · Argentina
1071
-17
DAN13L
3:43 Loom
4:08 Loom
6:22 Loom
8:37 Feudal Age
10:33 Double-Bit Axe
17:04 Double-Bit Axe
19:57 Castle Age
18:39 Horse Collar
19:39 Fletching
23:57 Wheelbarrow
27:12 Bodkin Arrow
27:28 Bow Saw
27:11 Gold Mining
27:08 Pikeman
30:21 Squires
32:06 Arson
32:24 Scale Mail Armor
32:46 Tuntian
32:46 Man-at-Arms
33:44 Chain Mail Armor
35:22 Bloodlines
35:21 Scale Barding Armor
35:29 Forging
36:01 Hand Cart
35:48 Heavy Plow
37:21 Husbandry
38:38 Iron Casting
40:09 Scale Barding Armor
43:40 Chain Barding Armor
43:03 Light Cavalry
47:25 Imperial Age
47:50 Murder Holes
49:27 Blast Furnace
48:29 Bracer
48:51 Ballistics
49:14 Ming Guang Armor
49:12 Conscription
48:35 Heavy Hei Guang Cavalry
50:09 Caravan
52:37 Hussar
57:12 Halberdier
62:09 Town Watch
64:45 Capped Ram
77:11 Town Patrol
3ms
9:21 Feudal Age
9:55 Horse Collar
10:06 Double-Bit Axe
14:15 Town Watch
17:32 Wheelbarrow
19:45 Castle Age
19:05 Bloodlines
18:51 Gold Mining
19:14 Stone Mining
20:57 Husbandry
21:39 Hand Cart
21:11 Loom
21:12 Town Watch
22:03 Crossbowman
24:33 Stone Shaft Mining
26:38 Town Patrol
27:21 Heavy Plow
28:35 Fletching
28:46 Padded Archer Armor
30:23 Forging
30:19 Scale Barding Armor
31:57 Kamandaran
32:12 Bodkin Arrow
35:56 Imperial Age
37:27 Iron Casting
37:13 Chain Barding Armor
36:53 Cavalier
38:59 Thumb Ring
39:49 Plate Barding Armor
43:18 Savar
44:34 Leather Archer Armor
45:20 Blast Furnace
45:20 Ballistics
46:27 Ring Archer Armor
45:35 Capped Ram
47:19 Light Cavalry
48:29 Heavy Camel Rider
52:24 Pikeman
52:50 Gambesons
53:06 Squires
53:07 Scale Mail Armor
55:58 Halberdier
56:06 Heavy Scorpion
59:57 Elite War Elephant
62:27 Chain Mail Armor
?
9:19 Feudal Age
8:17 Loom
10:29 Double-Bit Axe
12:31 Horse Collar
23:02 Forging
22:58 Scale Barding Armor
25:19 Castle Age
23:41 Bloodlines
23:24 Gold Mining
27:18 Wheelbarrow
29:23 Hand Cart
37:58 Gold Shaft Mining
38:08 Iron Casting
37:54 Chain Barding Armor
42:10 Imperial Age
41:31 Chain Barding Armor
41:43 Heavy Plow
41:54 Bow Saw
42:21 Elite Steppe Lancer
44:06 Blast Furnace
43:42 Plate Barding Armor
46:58 Two-Man Saw
46:30 Crop Rotation
46:56 Capped Ram
48:17 Siege Ram
49:14 Siege Ram
61:00 Caravan
LT | Aristóteles Gokú
7:01 Loom
10:02 Feudal Age
12:33 Double-Bit Axe
21:41 Castle Age
20:50 Scale Mail Armor
21:03 Forging
21:08 Town Watch
21:08 Horse Collar
22:07 Pikeman
23:49 Iron Casting
23:30 Chain Mail Armor
24:25 Squires
25:14 Gambesons
27:35 Wheelbarrow
27:01 Town Patrol
27:24 Bow Saw
30:55 Gambesons
30:55 Arson
32:59 Bloodlines
32:49 Husbandry
32:10 Light Cavalry
33:43 Fletching
34:25 Bodkin Arrow
39:26 Imperial Age
39:13 Hand Cart
39:07 Cavalier
40:34 Conscription
41:33 Plate Mail Armor
42:04 Blast Furnace
41:11 Scale Barding Armor
40:35 Savar
42:19 Heavy Plow
44:35 Caravan
44:27 Capped Ram
45:49 Chain Barding Armor
46:29 Blast Furnace
49:54 Plate Mail Armor
49:25 Padded Archer Armor
50:00 Plate Barding Armor
50:33 Siege Ram
53:21 Crop Rotation
52:44 Gold Mining
52:45 Stone Mining
53:23 Hussar
61:09 Kamandaran
62:33 Thumb Ring
63:07 Leather Archer Armor
63:47 Crossbowman
66:19 Halberdier
74:37 Ring Archer Armor
Connection lost

Rejoining the realm…

Still unreachable

The connection could not be restored.

Session expired

The server has moved on; the page needs a fresh start.